Map: Tokamak LE

Players

Remarcable (uThermal) - Winner!

  • Race: Terran Terran
  • League: Master
  • Spawn Location: 1:00

LiquidElazer (Elazer)

  • Race: Zerg Zerg
  • Spawn Location: 7:00

Event: FEL Cracov 2025

VOD

Have the link to the VOD?

Description

Time

  • Played on: July 27, 2025, 7:42 a.m.
  • Length: 7:29

All games in this series

Show
View Real Time Build Order
Export as new Build Order

Remarcable Terran - Winner!

Build Orders: Hellion Banshee 

Get SALT Encoding   

  12  0:00  SCV  
  13  0:12  SCV  
  14  0:17  Supply Depot  
  14  0:24  SCV  
  15  0:38  SCV  
  15  0:39  Barracks  
  15  0:42  Refinery  
  16  0:50  SCV  
  17  1:02  SCV  
  18  1:14  SCV  
  19  1:25  Barracks Reactor  
  19  1:26  Orbital Command  
  19  1:38  Command Center  
  19  1:49  Supply Depot  
  19  1:52  SCV  
  20  2:01  Marine x2  
  20  2:05  SCV  
  23  2:13  Factory  
  23  2:18  SCV  
  23  2:19  Marine x2  
  26  2:30  Refinery, SCV  
  27  2:37  Marine x2  
  27  2:43  Bunker  
  29  2:45  SCV  
  29  2:49  Orbital Command  
  30  2:58  Starport  
  30  2:59  SCV  
  30  3:04  Hellion  
  33  3:09  Hellion  
  33  3:10  Barracks Tech Lab  
  35  3:13  SCV  
  35  3:16  SCV  
  37  3:26  SCV, Supply Depot  
  38  3:28  Hellion  
  38  3:31  Hellion  
  42  3:37  SCV  
  42  3:38  SCV  
  44  3:46  Cloaking Field  
  44  3:48  Banshee  
  47  3:49  SCV  
  47  3:50  SCV  
  47  3:53  Hellion  
  51  3:56  Hellion  
  51  4:01  SCV, Supply Depot  
  53  4:13  SCV  
  53  4:14  SCV  
  53  4:15  Hellion  
  52  4:25  SCV  
  52  4:29  Command Center  
  52  4:30  Barracks Tech Lab  
  52  4:31  Banshee  
  53  4:33  SCV  
  58  4:38  Hellion x2  
  58  4:41  SCV  
  58  4:45  SCV  
  59  4:46  Supply Depot  
  59  4:53  SCV  
  59  4:57  SCV  
  61  5:05  SCV  
  60  5:08  Marine, Stimpack  
  60  5:09  SCV  
  55  5:18  SCV  
  55  5:21  Starport Reactor, Barracks, SCV  
  56  5:22  Barracks  
  56  5:25  Engineering Bay  
  56  5:27  Engineering Bay, Refinery x2, Marine  
  58  5:30  SCV, Siege Tank  
  58  5:33  SCV  
  63  5:38  Barracks  
  63  5:40  Barracks  
  63  5:42  SCV  
  64  5:45  Marine, SCV  
  62  5:54  SCV  
  61  5:57  SCV  
  61  6:02  Siege Tank  
  66  6:04  Marine  
  66  6:05  Orbital Command  
  66  6:06  SCV  
  66  6:09  SCV  
  68  6:14  Barracks Tech Lab  
  68  6:16  Bunker  
  66  6:18  SCV  
  66  6:19  Marine x2  
  66  6:20  Supply Depot  
  66  6:21  Viking x2  
  66  6:22  SCV  
  73  6:27  Barracks Tech Lab  
  73  6:28  Barracks Tech Lab  
  73  6:30  Supply Depot, SCV  
  73  6:32  Marine  
  77  6:33  Marauder  
  77  6:34  SCV  
  77  6:37  Marine  
  77  6:39  Marine  
  80  6:49  Marine  
  80  6:50  Marauder  
  80  6:51  Marine  
  80  6:54  Marine  
  82  6:55  Marine  
  82  6:58  Marine  
  84  7:07  Marauder  
Show
View Real Time Build Order
Export as new Build Order

LiquidElazer Zerg 

Build Orders: Hatch First 

Get SALT Encoding   

  12  0:00  Drone  
  13  0:08  Drone  
  14  0:30  Hatchery  
  14  0:35  Drone  
  14  0:42  Overlord  
  14  0:57  Spawning Pool  
  14  1:01  Drone  
  14  1:05  Drone  
  14  1:09  Drone  
  16  1:13  Drone  
  17  1:23  Drone  
  18  1:33  Drone  
  19  1:44  Queen x2  
  19  1:46  Drone  
  24  1:49  Drone  
  25  1:54  Drone  
  25  1:55  Drone  
  27  2:05  Drone  
  28  2:11  Hatchery  
  27  2:16  Overlord  
  27  2:20  Drone  
  28  2:23  Overlord  
  28  2:27  Overlord  
  28  2:41  Drone  
  28  2:42  Extractor, Drone x2  
  30  2:48  Drone x2  
  32  2:52  Drone x3  
  32  2:53  Drone x3  
  38  3:00  Roach Warren  
  38  3:01  Drone  
  38  3:04  Drone  
  39  3:14  Overlord  
  39  3:23  Extractor  
  39  3:24  Drone x2, Extractor  
  39  3:25  Drone  
  40  3:27  Hatchery  
  40  3:28  Drone x2  
  40  3:30  Drone  
  42  3:36  Overlord  
  44  3:41  Roach x2  
  44  3:44  Roach  
  44  3:46  Roach  
  50  3:54  Evolution Chamber  
  50  3:55  Evolution Chamber  
  48  3:56  Drone x3  
  48  3:58  Drone  
  48  4:00  Drone  
  54  4:09  Overlord  
  51  4:11  Drone x5  
  51  4:14  Roach  
  55  4:20  Lair  
  52  4:25  Drone x2  
  52  4:30  Drone x3  
  57  4:31  Drone  
  57  4:33  Drone  
  57  4:35  Drone  
  60  4:40  Pneumatized Carapace  
  60  4:42  Overlord  
  47  5:02  Drone x11  
  51  5:09  Drone  
  51  5:11  Drone x3  
  55  5:18  Roach x2  
  57  5:23  Overseer  
  57  5:24  Roach  
  57  5:25  Roach  
  61  5:33  Roach x2  
  65  5:37  Queen  
  66  5:44  Overlord  
  64  5:52  Roach x7  
  73  6:06  Zergling x12  
  73  6:19  Ravager x4  
  73  6:20  Zergling x12  
  73  6:21  Queen  
  85  6:33  Ravager  
  85  6:34  Ravager  
  85  6:37  Zergling x8  
  88  6:44  Overlord  
  85  6:52  Zergling x12  
  82  6:54  Ravager  
  77  7:11  Zergling x16  
Tags
 
Add a new tag
Caveats
  • Supply blocks, unpowered buildings, or Contaminate may cause inaccurate times.
  • Supply counts are checked every 10 seconds.